 Dungeon Crawl Stone Soup version 0.26.1-11-gd32895ea62 (webtiles) character file.

Game seed: 3199614373900951126

1531 Zeld the Cruncher (level 8, -3/46 (50) HPs)
             Began as an Octopode Gladiator on May 23, 2021.
             Slain by a wight
             ... wielding a +4 great sword of freezing
              (6 damage)
             ... on level 6 of the Dungeon.
             The game lasted 00:06:38 (9731 turns).

Zeld the Cruncher (Octopode Gladiator)              Turns: 9731, Time: 00:06:39

HP:   -3/46 (50)    AC:  1    Str: 16    XL:     8   Next: 85%
MP:   8/8           EV: 14    Int: 10    God:
Gold: 419           SH:  0    Dex: 13    Spells: 7/7 levels left

rFire    . . .     SeeInvis .   x - +3 quarterstaff (chaos)
rCold    . . .     Faith    .   (shield currently unavailable)
rNeg     . . .     Spirit   .   b - +0 hat
rPois    .         Reflect  .   (no amulet)
rElec    .         Harm     .   (no ring)
rCorr    .         Rampage  .   (no ring)
Will     .....                  (no ring)
Stlth    ++........             (no ring)
HPRegen  0.15/turn              (no ring)
MPRegen  0.11/turn              (no ring)
                                (no ring)
                                (no ring)

@: drained
A: almost no armour, stealthy swim, amphibious, 8 rings, constrict 8, camouflage
1, gelatinous body 1
a: no special abilities


You were on level 6 of the Dungeon.
You visited 2 branches of the dungeon, and saw 7 of its levels.
You also visited: Sewer.

You collected 419 gold pieces.

Inventory:

Hand Weapons
 a - a +0 quarterstaff
 x - a +3 quarterstaff of chaos (weapon)
Missiles
 c - 5 throwing nets
Armour
 b - a +0 hat (worn)
Jewellery
 i - an uncursed amulet of guardian spirit {unknown}
 w - an uncursed ring of ice {unknown}
Wands
 n - a wand of random effects (11)
 s - a wand of paralysis (8)
Scrolls
 f - 2 scrolls of identify {unknown}
 g - 4 scrolls of remove curse {unknown}
 k - 5 scrolls of teleportation {unknown}
 l - a scroll of blinking {unknown}
 m - 4 scrolls of fog {unknown}
 p - 3 scrolls of magic mapping {unknown}
 u - 2 scrolls of enchant armour {unknown}
 y - a scroll of summoning {unknown}
Potions
 d - 2 potions of flight {unknown}
 e - a potion of invisibility {unknown}
 h - a potion of brilliance {unknown}
 j - 2 potions of ambrosia {unknown}
 o - a potion of berserk rage {unknown}
 q - a potion of attraction {unknown}
 r - a potion of mutation {unknown}
 t - a potion of curing {unknown}
 v - a potion of might {unknown}
 z - a potion of haste {unknown}


   Skills:
 - Level 2.0 Fighting
 * Level 11.0 Staves
 - Level 2.0 Throwing
 - Level 3.0 Dodging


You had 7 spell levels left.
You didn't know any spells.
Your spell library contained the following spells:

 Spells                   Type           Power        Failure   Level
 Magic Dart               Conj           0%           36%         1
 Blink                    Tloc           N/A          50%         2
 Call Imp                 Summ           0%           50%         2
 Slow                     Hex            0%           50%         2
 Conjure Flame            Conj/Fire      0%           75%         3
 Mephitic Cloud           Conj/Pois/Air  0%           75%         3


Dungeon Overview and Level Annotations

Branches:
Dungeon (6/15)             Temple (1/1) D:4           Sewer (visited)

Altars:
Ashenzari
Cheibriados
Dithmenos
Elyvilon
Fedhas
Gozag
Hepliaklqana
Kikubaaqudgha
Makhleb
Nemelex Xobeh
Qazlal
Ru
Sif Muna
Trog
Uskayaw
Vehumet
Wu Jian
Xom
Yredelemnul
Zin
The Shining One

Shops:
D:4 (


Innate Abilities, Weirdness & Mutations

You cannot wear most types of armour.
You are very stealthy in the water. (Stealth+)
You are amphibious.
You can wear up to eight rings at the same time.
You can use your tentacles to constrict eight enemies at once.
Your skin changes colour to match your surroundings (Stealth+).
Your rubbery body absorbs attacks. (AC +1, EV +1)


Message History

You closely miss the wight. Your grab misses the wight.
The wight hits you with a +3 war axe.
You feel drained. The wight misses you.
You are too injured to fight recklessly!
You are too injured to fight recklessly!
You are too injured to fight recklessly!
You are too injured to fight recklessly!
You completely miss the wight. You grab the wight.
You squeeze the wight, but do no damage.
You constrict the wight, but do no damage.
The wight closely misses you.
You hit the wight but do no damage. You constrict the wight.
The wight barely misses you.
You hit the wight.
The wight is heavily damaged.
You constrict the wight, but do no damage.
The wight hits you with a +3 war axe!
The wight hits you with a +4 great sword of freezing!
* * * LOW HITPOINT WARNING * * *
You feel drained.
You die...

#.#.)......#.# ####
#.#........#.##.....
#.#.............#
#.#.########.####
#.# #.# #.##### #.#
#.....# #.#
#.#####.####z#
#......#...z@#
#######.###### #.#
#.# #.# #.# #.. ###


You could see 2 wights.

Vanquished Creatures
  Edmund (D:6)
  Purgy (Sewer)
  4 ogres
  2 gnoll shamans (D:5)
  A jelly (D:5)
  A quasit (D:5)
  2 hounds
  An orc priest (D:4)
  Crazy Yiuf (D:5)
  A bullfrog skeleton (D:5)
  3 worker ants (D:4)
  Natasha (thrice) (D:3)
  A howler monkey zombie (D:5)
  34 gnolls (D:5)
  9 adders
  A howler monkey skeleton (D:4)
  A shadow imp (D:5)
  5 oozes
  3 worms
  4 dart slugs
  2 leopard geckos
  9 orcs
  15 bats
  5 giant cockroaches
  6 goblins
  5 hobgoblins
  16 jackals (D:5)
  2 ball pythons
  6 frilled lizards
  A jackal zombie (D:5)
  3 kobolds
  A leopard gecko skeleton (D:4)
  A quokka skeleton (D:5)
  9 rats
160 creatures vanquished.

Vanquished Creatures (others)
  A plant (D:5)
1 creature vanquished.

Grand Total: 161 creatures vanquished

Notes
Turn   | Place    | Note
-------+----------+-------------------------------------------
     0 | D:1      | Zeld the Octopode Gladiator began the quest for the Orb.
     0 | D:1      | Reached XP level 1. HP: 14/14 MP: 1/1
    53 | D:1      | Reached XP level 2. HP: 16/19 MP: 2/2
   275 | D:1      | Reached skill level 4 in Staves
   416 | D:1      | Reached XP level 3. HP: 23/24 MP: 3/3
  1248 | D:2      | Reached XP level 4. HP: 20/29 MP: 4/4
  1425 | D:2      | Reached skill level 5 in Staves
  2147 | D:3      | Found a glowing drain.
  2163 | Sewer    | Entered a sewer
  2172 | Sewer    | Reached XP level 5. HP: 29/34 MP: 5/5
  2329 | Sewer    | Noticed Purgy
  2427 | Sewer    | Killed Purgy
  2428 | Sewer    | Reached skill level 6 in Staves
  2791 | D:3      | Noticed Natasha
  2798 | D:3      | Killed Natasha
  2799 | D:3      | Reached XP level 6. HP: 20/39 MP: 6/6
  3294 | D:3      | Noticed Natasha
  3299 | D:3      | Killed Natasha
  3371 | D:3      | Noticed Natasha
  3502 | D:3      | Killed Natasha
  3709 | D:4      | Reached skill level 7 in Staves
  3849 | D:4      | Found a staircase to the Ecumenical Temple.
  3957 | Temple   | Entered the Ecumenical Temple
  4827 | D:4      | Reached skill level 8 in Staves
  4827 | D:4      | Reached XP level 7. HP: 18/45 MP: 7/7
  5052 | D:4      | Found Bentargh's Antique Weapon Shoppe.
  5572 | D:5      | Entered Level 5 of the Dungeon
  5665 | D:5      | Reached skill level 9 in Staves
  5903 | D:5      | Found a runed translucent door.
  5904 | D:5      | Noticed Crazy Yiuf
  5914 | D:5      | Killed Crazy Yiuf
  6060 | D:5      | Reached XP level 8. HP: 32/50 MP: 8/8
  6866 | D:5      | Found a shadowy altar of Dithmenos.
  7407 | D:5      | Reached skill level 10 in Staves
  8664 | D:6      | Noticed Edmund
  8676 | D:6      | Killed Edmund
  8987 | D:5      | Reached skill level 11 in Staves
  9731 | D:6      | Slain by a wight

Illustrated notes

Levels and vault maps discovered:
D:1:      onia_arrival_handbag, layout_loops_corners
D:2:      layout_rooms
D:3:      layout_loops_ring, cheibrodos_sewer_entry_bend, bh_walls_and_bars,
          uniq_natasha
D:4:      layout_loops_corners, minmay_temple_entry_tees, serial_shops, shop
D:5:      lemuel_castle_with_subvaults [lemuel_castle_interior_carwin_3],
          layout_basic, chequers_jeans, grunt_decor_fettered,
          grunt_dithmenos_smoke, uniq_crazy_yiuf_cottage
D:6:      layout_loops_ring, uniq_prince_ribbit1, uniq_edmund
Temple:   roderic_octagonal_lattice_temple

Skill      XL: |  1  2  3  4  5  6  7  8 |
---------------+-------------------------+-----
Staves         | 4 5 6 8 9 11 | 11.0
Fighting       | |  2.0
Throwing       | |  2.0
Dodging        | |  3.0

Action                   |  1- 3 |  4- 6 |  7- 9 || total
-------------------------+-------+-------+-------++-------
Melee: Quarterstaff      |    71 |   114 |   172 ||   357
       Tentacles         |     7 |    24 |    35 ||    66
       Constrict         |    17 |    29 |    36 ||    82
Evoke: Wand              |       |     8 |       ||     8
 Stab: Sleeping          |     8 |     5 |     1 ||    14
       Paralysed         |       |     2 |       ||     2
       Distracted        |       |       |     3 ||     3
       Petrifying        |       |       |     1 ||     1
Armor: Skin              |     7 |     8 |     3 ||    18
Dodge: Dodged            |    65 |    81 |   111 ||   257
